 Dungeon Crawl Stone Soup version 0.22-a0-425-g89d60a1 (webtiles) character file.

429 Akransas the Archer (level 6, -3/53 HPs)
             Began as a Centaur Hunter on May 24, 2018.
             Was a Believer of Makhleb.
             Killed by divine providence
             ... invoked by an orc priest
              (13 damage)
             ... on level 5 of the Dungeon.
             The game lasted 00:21:49 (3718 turns).

Akransas the Archer (Centaur Hunter)                Turns: 3718, Time: 00:21:49

Health: -3/53      AC:  5    Str: 16    XL:     6   Next: 66%
Magic:  6/6        EV:  9    Int: 10    God:    Makhleb [**....]
Gold:   129        SH:  0    Dex: 10    Spells: 5/5 levels left

rFire    . . .     SeeInvis .   a - +0 dagger (venom)
rCold    . . .     Gourm    .   (no shield)
rNeg     . . .     Faith    .   c - +0 leather armour
rPois    .         Spirit   .   l - +0 helmet
rElec    .         Reflect  .   (no cloak)
rCorr    .         Harm     .   (no gloves)
MR       .....                  (no barding)
Stlth    +.........             (no amulet)
HPRegen  0.17/turn              (no ring)
MPRegen  0.10/turn              (no ring)

@: very quick
A: large, hooves 3, deformed body, speed 2, tough skin 3
a: Minor Destruction, Renounce Religion


You were on level 5 of the Dungeon.
You worshipped Makhleb.
Makhleb was pleased with you.
You were not hungry.

You visited 1 branch of the dungeon, and saw 5 of its levels.

You collected 129 gold pieces.

Inventory:

Hand Weapons
 a - a +0 dagger of venom (weapon)
 b - a +1 shortbow
Missiles
 d - 32 arrows
Armour
 c - a +0 leather armour (worn)
 l - a +0 helmet (worn)
Jewellery
 e - an uncursed amulet of harm {unknown}
Scrolls
 g - 3 scrolls of identify {unknown}
 h - a scroll of immolation {unknown}
 m - a scroll of amnesia {unknown}
 n - a scroll of fear {unknown}
 p - 2 scrolls of teleportation {unknown}
Potions
 i - 4 potions of curing
 j - 2 potions of heal wounds {unknown}
 k - 2 potions of ambrosia {unknown}
 o - 2 potions of might {unknown}
Comestibles
 f - 7 rations


   Skills:
 + Level 4.3 Fighting
 * Level 9.2 Bows
 - Level 1.3 Dodging
 - Level 0.4 Stealth


You had 5 spell levels left.
You didn't know any spells.
Your spell library was empty.

Dungeon Overview and Level Annotations

Branches:
Dungeon (5/15)
 Temple: D:4-7

Altars:
Makhleb
Trog
Zin
The Shining One

Annotations:
D:3 Terence
D:4 Grinder


Innate Abilities, Weirdness & Mutations

You have hooves in place of feet.
Armour fits poorly on your strangely shaped body.
You cover ground very quickly.
You have extremely tough skin. (AC +3)


Message History

Grinder blinks!
The orc hits you with a hand axe.
* * * LOW HITPOINT WARNING * * *
You can move again.
You climb downwards.
A necrophage comes into view.
Found a short sword and 10 stones.
Found a stone staircase leading up.
There is a stone staircase leading up here.
There is a stone staircase leading up here.
There is a stone staircase leading up here.
An orc priest comes into view. It is wielding a club.
The orc priest shouts!
You hear a shout!
The orc priest looks satisfied for a moment.
You see here 10 stones.
The necrophage hits you.
* * * LOW HITPOINT WARNING * * *
A jelly comes into view.
The necrophage barely misses you.
The orc priest calls down the wrath of Beogh upon you.
Beogh smites you!
You die...

.... ####...# .......#
.......####### ###
............ ....
..o.....## ....
#......#..... ...
###......#..... ....
#..@...........
.....##....n...##...
..............(.##..
......................
..........<##.......#.
......)...###.......#
..........# #.......#
.########## #.......#
#.......#


You could see a necrophage and an orc priest.

Vanquished Creatures
  A bullfrog (D:3)
  A scorpion (D:4)
  3 orc wizards
  A worker ant (D:4)
  5 gnolls
  7 adders
  An ooze (D:3)
  3 dart slugs
  13 orcs
  3 bats
  3 giant cockroaches (D:2)
  11 hobgoblins
  8 jackals
  5 kobolds
  A quokka (D:2)
  A ball python (D:2)
  5 frilled lizards
  7 goblins
  9 rats
88 creatures vanquished.

Notes
Turn   | Place    | Note
-------+----------+-------------------------------------------
     0 | D:1      | Akransas the Centaur Hunter began the quest for the Orb.
     0 | D:1      | Reached XP level 1. HP: 17/17 MP: 1/1
    86 | D:1      | Reached XP level 2. HP: 16/25 MP: 2/2
   237 | D:1      | Reached skill level 6 in Bows
   504 | D:2      | Reached XP level 3. HP: 17/30 MP: 3/3
  1116 | D:2      | Found a faded altar of an unknown god.
  1119 | D:2      | Became a worshipper of Makhleb the Destroyer
  1119 | D:2      | Reached * piety under Makhleb
  1181 | D:2      | Found a glowing golden altar of the Shining One.
  1649 | D:3      | Found a glowing silver altar of Zin.
  1699 | D:3      | Reached XP level 4. HP: 36/37 MP: 4/4
  1714 | D:2      | Reached skill level 7 in Bows
  1728 | D:3      | Noticed a bullfrog
  1743 | D:3      | Killed a bullfrog
  1743 | D:3      | Reached XP level 5. HP: 25/45 MP: 5/5
  1939 | D:3      | Reached ** piety under Makhleb
  1991 | D:3      | Noticed Terence
  2294 | D:3      | Reached skill level 8 in Bows
  2585 | D:3      | Reached XP level 6. HP: 48/52 MP: 6/6
  3305 | D:4      | Reached skill level 9 in Bows
  3689 | D:4      | Noticed Grinder
  3690 | D:4      | Found a bloodstained altar of Trog.
  3691 | D:4      | Paralysed by Grinder for 7 turns
  3698 | D:5      | Entered Level 5 of the Dungeon
  3718 | D:5      | Killed from afar by an orc priest

Vault maps used:
D:1:      scummos_arrival_forest
D:2:      chequers_ecumenical_altar_grove, tso_metal_star
D:3:      lemuel_round_altar, first_ration, uniq_terence
D:4:      grunt_ministairs_11, trog_butcher_becter, uniq_grinder
D:5:      lemuel_crystal_altar, nicolae_overflow_hidden_temple

Skill      XL: |  1  2  3  4  5  6 |
---------------+-------------------+-----
Bows           | 6 7 8 9 |  9.2
Fighting       | 3 4 |  4.3
Dodging        | |  1.3
Stealth        | |  0.4

Action                   |  1- 3 |  4- 6 || total
-------------------------+-------+-------++-------
Melee: Short sword       |    39 |       ||    39
       Kick              |    25 |    39 ||    64
       Dagger            |    70 |   165 ||   235
 Fire: Shortbow          |    13 |    29 ||    42
  Eat: Chunk             |     2 |     5 ||     7
Armor: Leather armour    |    29 |    45 ||    74
Dodge: Dodged            |    39 |    66 ||   105

Table legend:
 A = Spawn XP
 B = Non-spawn XP
 C = Spawn XP percentage of total XP
 D = Spawn monster count
 E = Non-spawn monster count
 F = Spawn count percentage of total count
 G = Total turns spent on level
                    A         B        C        D         E        F      G
               +---------+---------+-------+---------+---------+-------+---------
         Total |       0 |     614 |   0.0 |       0 |      88 |   0.0 |  3718
               +---------+---------+-------+---------+---------+-------+---------
           D:1 |       0 |      37 |   0.0 |       0 |      14 |   0.0 |   495
           D:2 |       0 |      72 |   0.0 |       0 |      27 |   0.0 |  1537
           D:3 |       0 |     309 |   0.0 |       0 |      32 |   0.0 |   834
           D:4 |       0 |     196 |   0.0 |       0 |      15 |   0.0 |   832
               +---------+---------+-------+---------+---------+-------+---------
